AoeStats
← ferderder1

Arabia

508508764Analyzed
1v1 RM · 9d ago on Sep 22, 2026· 48m 1s· 2 players
Game mode
Random Map
Map size
Tiny (2 player)
Population
200
Speed
Normal
Resources
Standard
Victory
Conquest
Starting age
Dark Age
Ending age
Imperial Age
RankedLock teamsTeams togetherTeam positionsShared explorationLock speedFull tech treeHidden civsTurbo modeCheats
Victory
Defeat
🇨🇱 Poles · Chile
944
+15
🇪🇸 Teutons · Spain
923
-15
ferderder1
4:32 Loom
11:15 Feudal Age
12:33 Double-Bit Axe
14:08 Horse Collar
19:44 Castle Age
20:22 Forging
22:41 Bow Saw
24:40 Heavy Plow
26:48 Iron Casting
26:19 Scale Barding Armor
28:39 Wheelbarrow
28:35 Stone Mining
28:37 Gold Mining
31:00 Fletching
32:20 Chain Barding Armor
34:40 Bodkin Arrow
35:43 Stone Shaft Mining
46:42 Imperial Age
45:47 Hand Cart
47:04 Bloodlines
leonardo.vargas
8:01 Loom
10:36 Feudal Age
11:02 Double-Bit Axe
14:32 Horse Collar
22:00 Castle Age
20:41 Bloodlines
20:39 Scale Barding Armor
21:04 Gold Mining
21:09 Stone Mining
22:46 Heavy Plow
22:59 Bow Saw
23:42 Stone Shaft Mining
24:29 Wheelbarrow
25:51 Forging
25:43 Scale Mail Armor
25:50 Pikeman
29:14 Fervor
34:27 Imperial Age
34:35 Imperial Age
33:18 Chain Mail Armor
32:57 Fletching
36:57 Plate Mail Armor
39:35 Iron Casting
43:40 Padded Archer Armor
45:36 Capped Ram
46:34 Squires
Connection lost

Rejoining the realm…

Still unreachable

The connection could not be restored.

Session expired

The server has moved on; the page needs a fresh start.